 Dungeon Crawl Stone Soup version 0.29.1-15-g9cfb28693d (webtiles) character file.

Game seed: 9560678748387618502

51240 Peloso the Peltast (level 14, -10/127 HPs)
             Began as a Minotaur Fighter on Apr 28, 2023.
             Was the Champion of Okawaru.
             Mangled by an orc knight
             ... wielding a +0 great mace of protection
              (23 damage)
             ... on level 2 of the Orcish Mines.
             The game lasted 00:41:48 (23316 turns).

Peloso the Peltast (Minotaur Fighter)              Turns: 23316, Time: 00:41:49

Health: -10/127    AC: 24    Str: 31    XL:     14   Next: 22%
Magic:  14/14      EV:  9    Int:  5    God:    Okawaru [******]
Gold:   1639       SH: 14    Dex: 14    Spells: 13/13 levels left

rFire   . . .      SeeInvis .   a - +6 long sword of the Median {flame, Contam Str+6 Dex+3}
rCold   . . .      Faith    .   d - +0 kite shield
rNeg    + . .      Spirit   .   s - +2 plate armour {Will+}
rPois   +          Reflect  .   w - +2 hat {Stlth+}
rElec   .          Harm     .   r - +0 cloak
rCorr   .          Rampage  .   h - +1 pair of gloves {hurl}
Will    ++...                   (no boots)
Stlth   ..........              G - amulet of regeneration
HPRegen 1.11/turn               p - ring of poison resistance
MPRegen 0.14/turn               l - ring of positive energy

@: studying Summonings
A: horns 2, retaliatory headbutt
a: Renounce Religion, Heroism, Finesse, Duel


You were on level 2 of the Orcish Mines.
You worshipped Okawaru.
Okawaru was exalted by your worship.
You visited 4 branches of the dungeon, and saw 17 of its levels.
You also visited: Bailey.

You collected 1717 gold pieces.
You spent 78 gold pieces at shops.

Inventory:

Hand Weapons
 a - the +6 long sword of the Median (weapon) {flame, Contam Str+6 Dex+3}
   (You found it on level 8 of the Dungeon)

   It burns those it strikes, dealing additional fire damage.
   Big, fiery blades are also staple armaments of hydra-hunters.
   Str:       It affects your strength (+6).
   Dex:       It affects your dexterity (+3).
   Contam:    It causes magical contamination when unequipped.
 b - a +2 double sword of holy wrath
 c - a +1 scimitar of flaming
Armour
 d - a +0 kite shield (worn)
 h - a +1 pair of gloves of hurling (worn)
 r - a +0 cloak (worn)
 s - a +2 plate armour of willpower (worn)
 w - a +2 hat of stealth (worn)
 F - +0 fire dragon scales
Jewellery
 k - an amulet of reflection
 l - a ring of positive energy (right hand)
 p - a ring of poison resistance (left hand)
 G - an amulet of regeneration (around neck)
 J - a ring of magical power
Wands
 y - a wand of iceblast (13)
 I - a wand of polymorph (4)
 L - a wand of paralysis (5)
 O - a wand of acid (3)
Scrolls
 e - 4 scrolls of amnesia
 g - 3 scrolls of enchant armour
 j - 4 scrolls of immolation
 n - a scroll of blinking
 o - 4 scrolls of magic mapping
 q - 3 scrolls of teleportation
 u - 2 scrolls of enchant weapon
 v - 2 scrolls of brand weapon
 z - a scroll of identify
 B - 2 scrolls of noise {unknown}
 C - a scroll of summoning {unknown}
 E - 2 scrolls of fear
 K - 2 scrolls of acquirement {unknown}
 N - 2 scrolls of butterflies {unknown}
Potions
 f - 4 potions of curing
 i - 5 potions of might
 m - 5 potions of invisibility
 x - 4 potions of flight
 A - a potion of brilliance
 D - 3 potions of resistance {unknown}
 H - a potion of haste
 M - a potion of heal wounds


   Skills:
 + Level 12.4 Fighting
 + Level 15.3 Long Blades
 + Level 13.2 Armour
 + Level 4.4 Dodging
 + Level 1.4 Stealth
 + Level 18.4 Shields
 + Level 1.5 Invocations
 + Level 1.3 Evocations


You had 13 spell levels left.
You didn't know any spells.
Your spell library contained the following spells:

 Spells                   Type           Power      Damage    Failure   Level
 Apportation              Tloc           0%         N/A       99%         1
 Foxfire                  Conj/Fire      0%         2x1d4     99%         1
 Necrotise                Necr           0%         1d4       99%         1
 Sandblast                Erth           0%         2d4       99%         1
 Blink                    Tloc           0%         N/A       100%        2
 Ensorcelled Hibernation  Hex/Ice        0%         N/A       100%        2
 Passwall                 Tmut/Erth      0%         N/A       100%        2
 Confusing Touch          Hex            0%         N/A       100%        3
 Conjure Flame            Conj/Fire      0%         6-21      100%        3
 Inner Flame              Hex/Fire       0%         N/A       100%        3
 Lesser Beckoning         Tloc           0%         N/A       100%        3
 Stone Arrow              Conj/Erth      0%         3d7       100%        3
 Swiftness                Air            0%         N/A       100%        3
 Flame Wave               Conj/Fire      0%         2d4       100%        4
 Lee's Rapid Deconstruct  Erth           0%         3d5*      100%        5
 Manifold Assault         Tloc           0%         N/A       100%        5
 Yara's Violent Unravell  Hex/Tmut       0%         3d3       100%        5
 Enfeeble                 Hex            0%         N/A       100%        7
 Summon Small Mammal      Summ           Unusable   N/A       N/A         1
 Call Canine Familiar     Summ           Unusable   N/A       N/A         3
 Summon Guardian Golem    Hex/Summ       Unusable   N/A       N/A         3

Dungeon Overview and Level Annotations

Branches:
Dungeon (11/15)            Temple (1/1) D:7            Lair (3/5) D:11
  Swamp (0/4) Lair:2       Spider (0/4) Lair:2          Orc (2/2) D:9
    Elf (0/3) Orc:2        Bailey (visited)

Altars:
Ashenzari
Elyvilon
Gozag
Hepliaklqana
Kikubaaqudgha
Okawaru
Qazlal
Ru
Trog
Uskayaw
Vehumet
Xom
Zin
The Shining One

Shops:
D:1 (   D:5 [   D:11 :   Orc:1 *

Annotations:
Lair:3 exclusion: 2 oklob plants
Orc:1 2 transporters, Zippel's ghost, journeyman KoFE


Innate Abilities, Weirdness & Mutations

You have a pair of horns on your head.
You reflexively headbutt those who attack you in melee.


Message History

The orc knight is severely wounded.
The orc knight hits you with a +0 dire flail!
* * * LOW HITPOINT WARNING * * *
The orc knight barely misses you.
You slash the orc knight! You burn the orc knight.
The orc knight is almost dead.
The orc knight hits you with a +0 dire flail!!!
* * * LOW HITPOINT WARNING * * *
You slash the orc knight! You burn the orc knight.
You kill the orc knight!
Okawaru accepts your kill. You block the orc knight's attack.
You feel much better. You block the orc knight's attack.
You hit the orc knight but do no damage.
The orc knight barely misses you. You furiously retaliate!
You headbutt the orc knight! You slash the orc knight! You burn the orc knight.
The orc knight is moderately wounded.
You feel like a meek peon again. You block the orc knight's attack.
You closely miss the orc knight. You headbutt the orc knight!
The orc knight is moderately wounded.
You hit the orc knight. You burn the orc knight.
The orc knight is heavily wounded.
You block the orc knight's attack.
You hit the orc knight. You burn the orc knight.
The orc knight is heavily wounded.
The orc knight hits you with a +0 great mace of protection!
* * * LOW HITPOINT WARNING * * *
You hit the orc knight but do no damage.
The orc knight is heavily wounded.
The orc knight closely misses you. You furiously retaliate!
You headbutt the orc knight, but do no damage.
You slash the orc knight! You burn the orc knight.
The orc knight is heavily wounded.
You hit the orc knight but do no damage.
Your headbutt misses the orc knight.
The orc knight is heavily wounded.
The orc knight hits you with a +0 great mace of protection!!
You die...

.............#...............)...
...................))...).....#)#
...............))..))............
..............)..................
..............)...............##)
..........)))))).)....).......##)
..........)o)..)..............##.
.....)....)))..#)o.............##
.....))..)o....#@........#..#.###
######)..#######.......######## #
##.......## #.....### #..#..)#..#
##.#...... ##.........##
####..... #...#...#...# ##....
##......)....## #...
#....#...#....# ...
#.............# .#


You could see an orc knight (strong).

Vanquished Creatures
  Gastronok (Lair:2)
  An orc warlord (Orc:1)
  Azrael (Orc:2)
  2 boulder beetles
  2 catoblepae
  3 two-headed ogres
  Urug (Lair:3)
  Amaemon (D:10)
  2 orc high priests (Orc:2)
  Nergalle (Orc:1)
  7 orc knights
  Pikel (D:5)
  4 orc sorcerers
  2 cyclopes
  A manticore (D:11)
  12 elephants
  2 black mambas
  3 gargoyles (D:11)
  Joseph (D:8)
  An unseen horror (D:11)
  6 cane toads
  An orange demon (D:10)
  4 komodo dragons
  2 rime drakes
  Psyche (D:8)
  A kobold demonologist (D:11)
  A polar bear (Lair:2)
  8 trolls
  2 tyrant leeches (Lair:2)
  2 dream sheep (Lair:3)
  21 blink frogs
  A wraith (D:11)
  Sigmund (D:2)
  A culicivora (Lair:2)
  3 shadows
  3 wyverns
  6 yaks
  5 fire elementals (Orc:2)
  A basilisk (Lair:3)
  5 steam dragons
  8 vampire mosquitoes
  5 swamp worms (Lair:2)
  7 wargs
  2 acid dragons (D:11)
  3 hell hounds
  3 water moccasins
  46 orc warriors
  2 ice beasts
  A sky beast (D:7)
  4 black bears
  11 wolves
  6 ogres
  13 centaurs
  4 kobold brigands
  A phantom (D:7)
  8 bullfrogs
  3 scorpions (D:5)
  3 gnoll sergeants
  2 necrophages
  3 wights (D:10)
  5 killer bees
  4 howler monkeys
  A hound (D:6)
  29 orc priests
  Crazy Yiuf (D:2)
  2 gnoll boudas
  4 jellies
  2 iguanas (D:4)
  29 orc wizards
  A statue (D:5)
  11 gnolls
  Robin (D:3)
  8 adders
  A river rat (D:5)
  3 white imps
  An ufetubus (D:5)
  A dart slug (D:5)
  112 orcs
  2 ball pythons
  9 bats
  12 endoplasms
  2 giant cockroaches
  21 goblins
  15 hobgoblins
  14 jackals
  26 kobolds
  6 quokkas
  4 frilled lizards
  3 rats
589 creatures vanquished.

Vanquished Creatures (others)
  Erica (D:8)
  An orc wizard (D:8)
  A kobold (D:7)
  3 fungi
  16 plants
22 creatures vanquished.

Grand Total: 611 creatures vanquished

Notes
Turn   | Place    | Note
-------+----------+-------------------------------------------
     0 | D:1      | Peloso the Minotaur Fighter began the quest for the Orb.
     0 | D:1      | Reached XP level 1. HP: 19/19 MP: 0/0
   171 | D:1      | Found Imau's Weapon Boutique.
   185 | D:1      | Reached XP level 2. HP: 26/27 MP: 1/1
   520 | D:1      | Reached XP level 3. HP: 33/33 MP: 2/2
  1063 | D:2      | Reached skill level 4 in Shields
  1258 | D:2      | Identified the +0 scale mail of a Billion Underlurkers
                  | {Harm rC- Int+6}
  1274 | D:2      | Found a runed translucent door.
  1275 | D:2      | Noticed Crazy Yiuf
  1534 | D:2      | Reached XP level 4. HP: 40/40 MP: 3/3
  1789 | D:2      | Noticed Sigmund
  1856 | D:3      | Reached skill level 1 in Dodging
  1867 | D:3      | Noticed Robin
  1878 | D:3      | Killed Robin
  2038 | D:3      | Found a stormy altar of Qazlal.
  2662 | D:3      | Found a sacrificial altar of Ru.
  3029 | D:4      | Noticed a necrophage
  3037 | D:4      | Killed a necrophage
  3038 | D:4      | Reached skill level 5 in Armour
  3038 | D:4      | Reached XP level 5. HP: 43/46 MP: 4/4
  3227 | D:4      | Reached skill level 5 in Long Blades
  3273 | D:4      | Found an ancient bone altar of Kikubaaqudgha.
  3387 | D:4      | Reached XP level 6. HP: 27/52 MP: 5/5
  4371 | D:2      | Killed Sigmund
  4372 | D:2      | Reached XP level 7. HP: 60/60 MP: 6/6
  4510 | D:2      | Killed Crazy Yiuf
  4634 | D:5      | Entered Level 5 of the Dungeon
  5042 | D:5      | Reached skill level 5 in Shields
  5244 | D:5      | Identified the +1 hand axe "Newtbane" {protect, rN+}
  5332 | D:5      | Reached skill level 5 in Fighting
  5365 | D:5      | Found a radiant altar of Vehumet.
  5742 | D:5      | Reached XP level 8. HP: 56/68 MP: 7/7
  5802 | D:5      | Found a shimmering altar of Xom.
  5804 | D:5      | Found a shimmering altar of Xom.
  5977 | D:5      | Found Imedafuc's Armour Shop.
  6021 | D:5      | Got the Almanac of Spelunking and the Impact
  6419 | D:5      | Reached skill level 6 in Shields
  6487 | D:6      | Noticed Pikel
  6503 | D:5      | Killed Pikel
  6504 | D:5      | Reached skill level 7 in Shields
  6519 | D:6      | Reached XP level 9. HP: 73/75 MP: 8/8
  6907 | D:6      | Reached skill level 10 in Long Blades
  7024 | D:6      | Found a bloodstained altar of Trog.
  7085 | D:6      | Found a glowing golden altar of the Shining One.
  7732 | D:7      | Reached skill level 8 in Shields
  8009 | D:7      | Found a staircase to the Ecumenical Temple.
  8039 | Temple   | Entered the Ecumenical Temple
  8049 | Temple   | Became a worshipper of Warmaster Okawaru
  8143 | D:7      | Found a broken altar of Ashenzari.
  8162 | D:7      | Reached skill level 9 in Shields
  8631 | D:8      | Noticed Joseph
  8634 | D:8      | Noticed Erica
  8654 | D:8      | Killed Erica
  8655 | D:8      | Reached XP level 10. HP: 46/84 MP: 9/9
  8669 | D:8      | Killed Joseph
  8669 | D:8      | Reached * piety under Okawaru
  8991 | D:8      | Identified the +6 long sword of the Median {flame, Contam
                  | Str+6 Dex+3}
  9098 | D:8      | Noticed Psyche
  9105 | D:8      | Killed Psyche
  9693 | D:9      | Reached skill level 1 in Evocations
  9794 | D:9      | Found a flagged portal.
  9829 | Bailey   | Entered a bailey
 10251 | Bailey   | Reached skill level 10 in Shields
 10252 | Bailey   | Reached ** piety under Okawaru
 10658 | D:9      | Found a staircase to the Orcish Mines.
 11271 | D:9      | Reached *** piety under Okawaru
 11272 | D:9      | Noticed a two-headed ogre
 11286 | D:9      | Reached skill level 11 in Shields
 11293 | D:9      | Killed a two-headed ogre
 11320 | D:9      | Reached XP level 11. HP: 21/92 MP: 8/10
 11931 | D:10     | Entered Level 10 of the Dungeon
 11931 | D:10     | Noticed Amaemon
 11949 | D:10     | Killed Amaemon
 11949 | D:10     | Reached **** piety under Okawaru
 11970 | D:10     | Reached skill level 10 in Armour
 11970 | D:10     | Reached skill level 12 in Shields
 12641 | D:10     | Noticed a two-headed ogre
 12652 | D:10     | Killed a two-headed ogre
 13215 | D:11     | Found Cead's Book Shop.
 13316 | D:11     | Reached skill level 13 in Shields
 13445 | D:11     | Reached ***** piety under Okawaru
 13594 | D:11     | Found a staircase to the Lair.
 13718 | D:11     | Noticed a boulder beetle
 13768 | D:11     | HP: 2/95 [boulder beetle (33)]
 13804 | D:11     | Received a gift from Okawaru
 13913 | D:11     | Killed a boulder beetle
 13914 | D:11     | Reached skill level 14 in Shields
 13914 | D:11     | Reached XP level 12. HP: 16/103 MP: 8/11
 14531 | Lair:1   | Entered Level 1 of the Lair of Beasts
 14578 | Lair:1   | Reached skill level 1 in Invocations
 14950 | Lair:1   | Received a gift from Okawaru
 15146 | Lair:1   | Reached skill level 15 in Shields
 15667 | Lair:1   | Reached skill level 10 in Fighting
 16002 | Lair:2   | Identified the +5 war axe "Ceq Nyke" {freeze, rPois MP+9}
 16087 | Lair:2   | Found a hole to the Spider Nest.
 16093 | Lair:2   | Received a gift from Okawaru
 16230 | Lair:2   | Noticed Gastronok
 16384 | Lair:2   | Killed Gastronok
 16577 | Lair:2   | Reached skill level 1 in Stealth
 16711 | Lair:2   | Found a staircase to the Swamp.
 16829 | Lair:2   | Noticed a boulder beetle
 16881 | Lair:2   | Killed a boulder beetle
 16881 | Lair:2   | Reached ****** piety under Okawaru
 16881 | Lair:2   | Received a gift from Okawaru
 16882 | Lair:2   | Reached skill level 16 in Shields
 16882 | Lair:2   | Reached XP level 13. HP: 106/114 MP: 12/12
 18106 | Lair:3   | Received a gift from Okawaru
 18321 | Lair:3   | Noticed Urug
 18335 | Lair:3   | Killed Urug
 19636 | Orc:1    | Entered Level 1 of the Orcish Mines
 19643 | Orc:1    | Reached skill level 17 in Shields
 19646 | Orc:1    | Noticed Nergalle
 19668 | Orc:1    | Killed Nergalle
 19675 | Orc:1    | Found a radiant altar of Vehumet.
 19760 | Orc:1    | Found a transporter.
 19792 | Orc:1    | Noticed Zippel's ghost (journeyman KoFE)
 19930 | Orc:1    | Found a bloodstained altar of Trog.
 19932 | Orc:1    | Noticed a stone giant
 20228 | D:9      | Identified the +8 chain mail of the Journeyman {rF+++ rC-
                  | Str-2 SInv} (Okawaru gifted it to you on level 9 of the
                  | Dungeon)
 20228 | D:9      | Received a gift from Okawaru
 20505 | Orc:1    | Found a transporter.
 20583 | Orc:1    | Found Esaopay's Assorted Antiques.
 20823 | Orc:1    | Bought a scroll labelled RUWUAS SETAKYI for 28 gold pieces
 20823 | Orc:1    | Bought 2 dark potions for 50 gold pieces
 20840 | Orc:1    | Noticed an orc warlord
 20871 | Orc:1    | Killed an orc warlord
 21225 | Orc:2    | Entered Level 2 of the Orcish Mines
 21460 | Orc:2    | Noticed Azrael
 21498 | Orc:1    | Reached skill level 15 in Long Blades
 21561 | Orc:2    | Killed Azrael
 22115 | Orc:2    | Found a staircase to the Elven Halls.
 22132 | Orc:2    | Reached skill level 18 in Shields
 22132 | Orc:2    | Reached XP level 14. HP: 120/125 MP: 13/13
 23306 | Orc:2    | HP: 1/127 [orc knight/+0 dire flail (36)]
 23316 | Orc:2    | Mangled by an orc knight

Illustrated notes

Levels and vault maps discovered:
D:1:      dpeg_arrival_solitude, layout_basic, serial_shops,
          nicolae_shop_bloodbath_and_beyond, bh_walls_and_bars
D:2:      layout_loops_ring, uniq_sigmund, uniq_crazy_yiuf_cottage
D:3:      layout_basic, grunt_qazlal_sundering, nicolae_overflow_hidden_temple,
          hex_tiny, st_stairs_7, uniq_robin
D:4:      layout_gridville, old_standard_altar
D:5:      layout_loops_ring, xom_redecorated, vehumet_statue,
          gup_sewer_entry_bubbles, serial_shops, nicolae_shop_trees,
          serial_park_tiny_2
D:6:      layout_cave_pools, tso_metal_star, trog_hazing_becter,
          nicolae_figureground_pulse, uniq_pikel
D:7:      corexii_shack_village, layout_cave_pools, nicolae_ashenzari_skybound,
          minmay_temple_entry_ruins
D:8:      layout_loops_ring, uniq_erica, uniq_psyche, uniq_joseph
D:9:      layout_loops_ring, david_orc_3, enter_bailey_4, kennysheep_kite_vault
D:10:     layout_loops_cross, uniq_amaemon
D:11:     layout_roguey, erik_lair_orcish_takeover, serial_shops,
          nicolae_diamond_shop, minmay_alternating_orb
Temple:   compressed_dpeg_circular_temple
Lair:1:   layout_regular_city, infiniplex_staircase_pool
Lair:2:   nzn_winding_woodlands_medium [nzn_winding_woodlands_5x5_checkerboard,
          nzn_winding_woodlands_5x15_garden, nzn_winding_woodlands_5x5_cross,
          nzn_winding_woodlands_5x5_open_star,
          nzn_winding_woodlands_center_lodge, nzn_winding_woodlands_5x5_three,
          nzn_winding_woodlands_5x5_perimeter,
          nzn_winding_woodlands_5x15_jagged, nzn_winding_woodlands_5x5_default],
          layout_cave_shapes, minmay_swamp_entry_worms,
          spider_nest_entry_rubble, uniq_gastronok
Lair:3:   dpeg_oklob_gauntlet, layout_layer_cave, dreamdust_gnoll_shepherd,
          uniq_urug
Orc:1:    layout_caves, gammafunk_ghost_wrathful_warriors, serial_shops,
          nicolae_shop_hallway_plus, basic_altar, nicolae_orc_rockfall,
          uniq_nergalle
Orc:2:    st_orc_pillars, layout_caves, uniq_azrael

Skill      XL: |  1  2  3  4  5  6  7  8  9 10 11 12 13 14 |
---------------+-------------------------------------------+-----
Fighting       | 4 5 6 7 8 10 12 | 12.4
Long Blades    | 3 4 5 6 7 9 11 12 13 14 15 | 15.3
Armour         | 4 5 6 7 8 9 11 12 13 | 13.2
Shields        | 4 5 7 9 11 14 16 18 | 18.4
Dodging        | 1 2 3 4 |  4.4
Evocations     | 1 |  1.3
Invocations    | 1 |  1.5
Stealth        | 1 |  1.4

Action                   |  1- 3 |  4- 6 |  7- 9 | 10-12 | 13-15 || total
-------------------------+-------+-------+-------+-------+-------++-------
Melee: Long sword        |    84 |   160 |   361 |   736 |   707 ||  2048
       Headbutt          |    17 |    32 |    55 |   172 |   173 ||   449
       Scimitar          |       |       |       |    16 |       ||    16
Invok: Heroism           |       |       |       |     7 |     7 ||    14
Evoke: Wand              |       |       |     1 |     2 |       ||     3
  Use: Scroll            |     1 |     4 |       |    10 |     3 ||    18
       Potion            |       |     5 |     1 |     6 |     1 ||    13
Armor: Scale mail        |    55 |    26 |       |       |       ||    81
       Chain mail        |       |    44 |    32 |       |       ||    76
       Plate armour      |       |       |   137 |   350 |   215 ||   702
       Fire dragon scale |       |       |       |       |    11 ||    11
Dodge: Dodged            |    57 |    51 |    91 |   199 |   156 ||   554
Block: Buckler           |    22 |    81 |    96 |       |       ||   199
       Reflection        |       |     5 |    25 |    27 |    14 ||    71
       Kite shield       |       |       |   156 |   788 |   560 ||  1504
